 Dungeon Crawl Stone Soup version 0.23.2-33-g5129a83184 (webtiles) character file.

Game seed: 8949846037504407283

2500 Lauz the Thaumaturge (level 9, -3/45 HPs)
             Began as a Deep Elf Fire Elementalist on July 9, 2019.
             Slain by a killer bee (4 damage)
             ... on level 7 of the Dungeon.
             The game lasted 00:25:31 (7998 turns).

Lauz the Thaumaturge (Deep Elf Fire Elementalist)   Turns: 7998, Time: 00:25:32

Health: -3/45      AC:  4    Str:  6    XL:     9   Next: 28%
Magic:  23/24      EV: 13    Int: 23    God:
Gold:   336        SH:  0    Dex: 15    Spells: 14/27 levels left

rFire    . . .     SeeInvis .   (no weapon)
rCold    . . .     Gourm    .   (no shield)
rNeg     . . .     Faith    .   a - +1 robe
rPois    .         Spirit   .   (no helmet)
rElec    .         Reflect  .   i - +0 cloak
rCorr    .         Harm     .   (no gloves)
MR       .....                  (no boots)
Stlth    ++........             f - amulet of the acrobat
HPRegen  0.15/turn              (no ring)
MPRegen  0.19/turn              (no ring)

@: lethally poisoned (-3 -> -7)
A: no striking features
a: no special abilities


You were on level 7 of the Dungeon.
You were not hungry.

You visited 2 branches of the dungeon, and saw 8 of its levels.
You also visited: Sewer.

You collected 336 gold pieces.

Inventory:

Armour
 a - a +1 robe (worn)
 i - a +0 cloak (worn)
Jewellery
 f - an amulet of the acrobat (around neck)
 u - a cursed ring of protection from magic {unknown}
Wands
 l - a wand of flame (21)
 v - a wand of digging (3)
Scrolls
 k - 3 scrolls of remove curse
 m - a scroll of enchant armour
 o - 2 scrolls of teleportation
 p - a scroll of fog
 A - a scroll of enchant weapon {unknown}
Potions
 b - 4 potions of might {unknown}
 d - a potion of resistance {unknown}
 e - 2 potions of curing
 g - 2 potions of berserk rage
 h - 2 potions of magic {unknown}
 j - 2 potions of cancellation {unknown}
 n - 2 potions of flight {unknown}
 q - a potion of brilliance {unknown}
 r - 2 potions of heal wounds {unknown}
 z - a potion of invisibility {unknown}
Comestibles
 c - 12 rations
 t - a chunk of flesh


   Skills:
 + Level 3.3 Dodging
 - Level 2.4 Stealth
 + Level 9.5 Spellcasting
 * Level 7.8 Conjurations
 * Level 8.9 Fire Magic


You had 14 spell levels left.
You knew the following spells:

 Your Spells              Type           Power        Failure   Level  Hunger
a - Flame Tongue          Conj/Fire      #####        1%          1    None
b - Conjure Flame         Conj/Fire      #####...     1%          3    None
c - Sticky Flame          Conj/Fire      #####...     1%          4    ##.....
d - Fireball              Conj/Fire      #####.....   5%          5    ####...

Your spell library contained the following spells:

 Spells                   Type           Power        Failure   Level  Hunger
 Throw Flame              Conj/Fire      #####.       1%          2    None
 Inner Flame              Hex/Fire       ####....     3%          3    None
 Infusion                 Chrm           ##..         6%          1    None
 Shroud of Golubria       Chrm/Tloc      ##........   9%          2    None
 Song of Slaying          Chrm           ##......     9%          2    None
 Regeneration             Chrm/Necr      ##........   19%         3    None
 Spectral Weapon          Hex/Chrm       ##......     19%         3    None


Dungeon Overview and Level Annotations

Branches:
Dungeon (7/15)             Temple (1/1) D:5

Altars:
Ashenzari
Cheibriados
Elyvilon
Gozag
Makhleb
Nemelex Xobeh
Qazlal
Ru
Sif Muna
Trog
Uskayaw
Wu Jian
Xom
Zin

Annotations:
D:4 1 runed translucent door, Statics's ghost, amateur OpTm


Message History

Okay, then.
As you read the scroll of identify, it crumbles to dust.
e - 3 potions of curing You feel better.
There is a stone staircase leading down here.
You see here a killer bee corpse.
There is a stone staircase leading down here.
You climb downwards.
You hear the roar of battle.
There is an entrance to a bailey on this level.
Hurry and find it before the portal closes forever!
You hear the faint creaking of a distant portcullis.
The killer bee buzzes angrily.
The killer bee stings you but does no damage.
The killer bee stings you.
* * * LOW HITPOINT WARNING * * *
The killer bee stings you!
* * * LOW HITPOINT WARNING * * *
You are lethally poisoned!
The killer bee poisons you! The killer bee stings you.
You die...

,,***,,,**,,*,,**,,,**,,,,,**,,,,
,,,,,,,,,+*,*,*+,,,,,,,,*****,,,,
,,,,,,**,,*****,,,***,,** **,,,,
,,,,,,**,,,8*8,,,,* **,* *,,,,,
,,,,,,,,,,,*****,** *,* *,,,,,
,,,,,,,,,,,,* *,#####.#****,,,,,
,,,,,,,,,,,,** *,$..<.,,**,,,,,**
,,,,,,**,,,,,*###y.#,,,,,,,,,,,,,
,,,,,,**,,,,**#y@..#**,,,,*,,,,,,
,,,,,,**,,,,,#.†.#..#,>,,,**,,,,,
*,,,****,,,,,#...#,.#,,,******,,*
,,,,****,,,,,#.###,,..,**,**,**,*
,,*,,,**,,,,,..,*,,,*.#*,,,,,**,*
,**,,,**,,,y...,,,,,*,..,,,,,,*,*
>,,,,,**,,,...#,,,,,,,,.,,,,,,,,*
*,,,,,,,,,y..#*,****,,,,,,,,,,*,*
**,,,**,,,,,,,*,,,,,,,,,,,,**,*,,


You could see 3 killer bees.

Vanquished Creatures
  Menkaure (D:5)
  Edmund (D:4)
  A phantom (D:5)
  An ice beast (D:5)
  3 ogres
  A centaur (D:5)
  6 big kobolds (Sewer)
  2 bullfrogs (D:6)
  A wyvern zombie (D:6)
  A wyvern skeleton (D:6)
  A scorpion (D:6)
  4 killer bees
  A howler monkey (D:6)
  A bullfrog zombie (D:4)
  An orc priest (D:6)
  3 hounds
  A bullfrog skeleton (D:6)
  A centaur skeleton (D:5)
  2 iguanas
  Ijyb (D:5)
  7 orc wizards
  4 worker ants
  A hound skeleton (D:5)
  6 adders
  A gnoll (D:1)
  A shadow imp (D:5)
  3 oozes (Sewer)
  An adder skeleton (D:4)
  7 worms
  3 dart slugs
  A leopard gecko (D:6)
  24 orcs
  5 bats
  4 giant cockroaches
  4 goblins
  8 hobgoblins
  6 jackals (D:4)
  15 kobolds
  6 quokkas
  8 ball pythons
  4 frilled lizards
  A quokka zombie (D:6)
  15 rats
169 creatures vanquished.

Notes
Turn   | Place    | Note
-------+----------+-------------------------------------------
     0 | D:1      | Lauz the Deep Elf Fire Elementalist began the quest for the
                  | Orb.
     0 | D:1      | Reached XP level 1. HP: 10/10 MP: 6/6
   270 | D:1      | Reached XP level 2. HP: 15/15 MP: 5/8
  1022 | D:2      | Reached XP level 3. HP: 19/19 MP: 8/10
  1100 | D:2      | Found a stormy altar of Qazlal.
  1136 | D:2      | Found a sparkling altar of Nemelex Xobeh.
  1181 | D:2      | Reached skill level 4 in Spellcasting
  1273 | D:2      | Found an ornate altar of the Wu Jian Council.
  1397 | D:2      | Found a shattered altar of Ashenzari.
  1873 | D:3      | Reached XP level 4. HP: 22/24 MP: 7/12
  3008 | D:4      | Noticed an ogre
  3036 | D:3      | Learned a level 3 spell: Conjure Flame
  3041 | D:3      | Learned a level 4 spell: Sticky Flame
  3044 | D:4      | Noticed an ogre
  3048 | D:4      | Killed an ogre
  3048 | D:4      | Reached skill level 5 in Spellcasting
  3048 | D:4      | Reached XP level 5. HP: 28/28 MP: 6/14
  3054 | D:4      | Reached skill level 5 in Fire Magic
  3451 | D:4      | Killed an ogre
  3451 | D:4      | Reached XP level 6. HP: 32/32 MP: 7/16
  3601 | D:4      | Found a runed translucent door.
  3621 | D:4      | Reached skill level 6 in Spellcasting
  3851 | D:4      | Noticed Statics's ghost (amateur OpTm)
  4381 | D:5      | Entered Level 5 of the Dungeon
  4401 | D:5      | Found a bloodstained altar of Trog.
  4404 | D:5      | Reached XP level 7. HP: 19/36 MP: 5/19
  4540 | D:5      | Noticed Ijyb
  4550 | D:5      | Killed Ijyb
  4600 | D:5      | Reached skill level 7 in Spellcasting
  4632 | D:5      | Found a glowing drain.
  4755 | Sewer    | Entered a sewer
  4915 | Sewer    | Reached skill level 5 in Conjurations
  5574 | Sewer    | Reached skill level 8 in Spellcasting
  5574 | Sewer    | Reached XP level 8. HP: 41/41 MP: 18/22
  5835 | D:5      | Found a staircase to the Ecumenical Temple.
  5855 | D:5      | Noticed Menkaure
  5879 | D:5      | Killed Menkaure
  5884 | Temple   | Entered the Ecumenical Temple
  6096 | D:5      | Noticed Edmund
  6115 | D:4      | Killed Edmund
  6115 | D:4      | Reached skill level 9 in Spellcasting
  7176 | D:6      | Reached XP level 9. HP: 21/45 MP: 1/24
  7662 | D:6      | Learned a level 5 spell: Fireball
  7998 | D:7      | HP: 1/45 [killer bee (7)]
  7998 | D:7      | Slain by a killer bee

Skill      XL: |  1  2  3  4  5  6  7  8 |
---------------+-------------------------+-----
Fire Magic     | 4 5 6 8 |  8.9
Spellcasting   | 4 5 6 8 9 |  9.5
Conjurations   | 2 3 4 5 7 |  7.8
Dodging        | 3 |  3.3
Stealth        | |  2.4

Action                   |  1- 3 |  4- 6 |  7- 9 || total
-------------------------+-------+-------+-------++-------
Melee: Unarmed           |       |     3 |       ||     3
 Cast: Flame Tongue      |    65 |    99 |   190 ||   354
       Sticky Flame      |       |     8 |    20 ||    28
       Conjure Flame     |       |     1 |     1 ||     2
       Fireball          |       |       |     2 ||     2
  Use: Scroll            |       |     5 |     6 ||    11
       Potion            |       |       |     1 ||     1
  Eat: Chunk             |     2 |     9 |    13 ||    24
Armor: Robe              |     2 |     2 |     7 ||    11
Dodge: Dodged            |    12 |    25 |    42 ||    79
